AoeStats
← chewie1706

Lombardia

507657092Analyzed
3v3 RM · 12d ago on Sep 19, 2026· 25m 44s· 6 players
Game mode
Random Map
Map size
Normal (6 player)
Population
200
Speed
Normal
Resources
Standard
Victory
Conquest
Starting age
Dark Age
Ending age
Imperial Age
RankedLock teamsTeams togetherTeam positionsShared explorationLock speedFull tech treeHidden civsTurbo modeCheats
Victory
Defeat
🇫🇷 Saracens · France
1499
+14
🇫🇷 Mongols · France
1449
+16
🇨🇭 Teutons · Switzerland
1365
+20
🇲🇽 Hindustanis · Mexico
1625
-23
🇲🇽 Berbers · Mexico
1423
-16
🇲🇽 Koreans · Mexico
1317
-11
chewie1706
6:27 Loom
9:25 Feudal Age
14:29 Fletching
16:14 Horse Collar
21:49 Wheelbarrow
21:49 Double-Bit Axe
24:47 Castle Age
23:04 Padded Archer Armor
24:39 Gold Mining
25:44 Bodkin Arrow
25:09 Crossbowman
25:56 Thumb Ring
AGS.Grimnel
4:37 Loom
9:36 Feudal Age
11:43 Double-Bit Axe
12:59 Horse Collar
18:32 Bloodlines
24:42 Castle Age
23:55 Gold Mining
25:40 Heavy Plow
25:51 Bow Saw
25:59 Scale Barding Armor
26:05 Forging
26:37 Wheelbarrow
Eras Mousse
7:04 Loom
9:36 Feudal Age
14:50 Castle Age
13:15 Double-Bit Axe
13:36 Horse Collar
16:46 Fletching
24:00 Bodkin Arrow
24:48 Padded Archer Armor
SoyDemo
5:16 Loom
8:27 Feudal Age
9:02 Double-Bit Axe
9:49 Horse Collar
23:41 Castle Age
22:00 Fletching
25:18 Scale Barding Armor
LeBotut
5:00 Loom
11:45 Feudal Age
15:19 Castle Age
13:18 Double-Bit Axe
13:19 Horse Collar
15:16 Wheelbarrow
15:58 Pikeman
16:51 Scale Barding Armor
22:46 Husbandry
25:32 Bloodlines
DSLG | CHAMOY
0:36 Loom
0:55 Loom
12:55 Feudal Age
17:55 Castle Age
17:10 Double-Bit Axe
17:07 Horse Collar
17:27 Fletching
19:55 Wheelbarrow
22:21 Crossbowman
25:16 Ballistics
Connection lost

Rejoining the realm…

Still unreachable

The connection could not be restored.

Session expired

The server has moved on; the page needs a fresh start.